 Dungeon Crawl Stone Soup version 0.31-a0-435-g2c6fae2916 (webtiles) character file.

Game seed: 13671513818203773448

286 Newt the Skirmisher (level 6, -1/40 HPs)
             Began as a Kobold Hunter on Aug 1, 2023.
             Slain by a bullfrog (6 damage)
             ... in a sewer.
             The game lasted 00:02:17 (2180 turns).

Newt the Skirmisher (Kobold Hunter)                 Turns: 2180, Time: 00:02:18

Health: -1/40      AC:  4    Str:  9    XL:     6   Next: 56%
Magic:  6/6        EV: 11    Int: 10    God:
Gold:   76         SH:  0    Dex: 20    Spells: 5/5 levels left

rFire   . . .        a - +3 shortbow
rCold   . . .        (shield currently unavailable)
rNeg    . . .        c - +1 leather armour
rPois   .            (no helmet)
rElec   .            (no cloak)
rCorr   .            (no gloves)
SInv    .            (no boots)
Will    .....        f - amulet of the acrobat
Stlth   ++           (no ring)
HPRegen 0.26/turn    (no ring)
MPRegen 0.10/turn

%: acrobat
@: constricted, invisible, very slow
A: small, no large weapons, nightstalker 3
a: no special abilities


You were in a sewer.
You visited 1 branch of the dungeon, and saw 4 of its levels.
You also visited: Sewer.

You collected 76 gold pieces.

Inventory:

Hand Weapons
 a - a +3 shortbow (weapon)
Armour
 c - a +1 leather armour (worn)
Jewellery
 f - an amulet of the acrobat (around neck)
Talismans
 k - a beast talisman
Wands
 i - a wand of iceblast (3)
Scrolls
 b - a scroll of butterflies
 d - 2 scrolls of enchant armour
 g - 2 scrolls of identify
 j - a scroll of fear
Potions
 h - a potion of lignification
 l - 2 potions of curing
 m - 2 potions of berserk rage {unknown}
 n - a potion of enlightenment {unknown}
 o - a potion of mutation {unknown}
 p - 2 potions of might {unknown}


   Skills:
 - Level 5.0 Fighting
 + Level 8.0 Ranged Weapons
 - Level 2.4 Dodging
 - Level 1.3 Stealth


You had 5 spell levels left.
You didn't know any spells.
Your spell library contained the following spells:

 Spells                   Type           Power      Damage    Failure   Level
 Necrotise                Necr           0%         1d4       47%         1
 Vampiric Draining        Necr           0%         2d6       85%         3
 Agony                    Necr           0%         N/A       100%        5


Dungeon Overview and Level Annotations

Branches:
Dungeon (6/15)              Sewer (1/1)
 Temple: D:4-7

Altars:

Shops:
D:1 [


Innate Abilities, Weirdness & Mutations

You are small and have problems with some larger weapons.
You are completely attuned to the shadows.


Message History

The ball python closely misses you. The ball python misses you.
The bullfrog closely misses you. x2; The bullfrog hits you.
* * * LOW HITPOINT WARNING * * *
The ball python closely misses you. The ball python completely misses you.
The bullfrog closely misses you.
It was a potion of curing.
You feel better. The bullfrog misses you.
The ball python bites you but does no damage.
The ball python closely misses you. x2; The ball python barely misses you.
The bullfrog hits you.
* * * LOW HITPOINT WARNING * * *
The bullfrog closely misses you. The ball python bites you.
* * * LOW HITPOINT WARNING * * *
The ball python completely misses you.
The endoplasm jiggles.
Okay, then.
You shoot an arrow.
The arrow barely misses the ball python.
The bullfrog barely misses you.
The ball python bites you but does no damage.
The ball python grabs you. The ball python constricts you.
The bullfrog hits you.
* * * LOW HITPOINT WARNING * * *
The bullfrog closely misses you. The ball python misses you.
The ball python bites you but does no damage.
The ball python constricts you. The bullfrog hits you.
* * * LOW HITPOINT WARNING * * *
Unknown command.
You feel better. The bullfrog barely misses you. The bullfrog hits you.
* * * LOW HITPOINT WARNING * * *
The ball python closely misses you.
The ball python bites you but does no damage.
The ball python constricts you.
You fade into invisibility!
The bullfrog misses you. x2; The ball python bites you.
* * * LOW HITPOINT WARNING * * *
The ball python bites you but does no damage.
The ball python constricts you.
* * * LOW HITPOINT WARNING * * *
The bullfrog barely misses you. The bullfrog hits you.
You die...

....##
.†...#
....†##
......#
......#
#~~.~.#
##..~~.#
≈≈≈≈~≈#
#≈≈≈J≈≈#
≈≈≈≈~≈#
#≈≈J≈≈≈#
≈≈≈≈~≈#
#≈≈FFS≈#
≈≈≈~≈≈#
#≈≈S@≈≈#
≈~~≈≈≈#
#≈≈≈~≈≈#
~≈≈≈≈≈#
#≈≈≈≈~≈#
~~≈≈≈≈#
#≈≈≈≈.≈#
≈.~..≈#
#≈≈≈≈.≈#
~~.(~≈#
#≈≈≈≈~≈#
#.~~~##
#≈≈≈~≈≈#
≈≈≈≈~~#
#≈≈≈~≈≈#
≈≈≈≈≈~#
#≈≈~~≈≈#


You could see 2 bullfrogs, 2 endoplasms and 2 ball pythons.

Vanquished Creatures
  A bullfrog (D:6)
  Ijyb (D:3)
  9 adders
  6 river rats
  13 ball pythons
  6 endoplasms
  A giant cockroach (D:6)
  4 hobgoblins
  3 jackals (D:3)
  4 kobolds
  2 quokkas
  2 bats (D:1)
  3 frilled lizards (Sewer)
  29 rats
84 creatures vanquished.

Notes
Turn   | Place    | Note
-------+----------+-------------------------------------------
     0 | D:1      | Newt the Kobold Hunter began the quest for the Orb.
     0 | D:1      | Reached XP level 1. HP: 12/12 MP: 1/1
   233 | D:1      | Found Utzoc's Antique Armour Emporium.
   243 | D:1      | Reached XP level 2. HP: 18/18 MP: 2/2
  1010 | D:2      | Reached XP level 3. HP: 24/24 MP: 3/3
  1538 | D:3      | Noticed Ijyb
  1602 | D:3      | Killed Ijyb
  1603 | D:3      | Reached XP level 4. HP: 26/30 MP: 4/4
  1690 | D:3      | Found a faded altar of an unknown god.
  1723 | D:3      | You fall into a shaft and drop 3 floors!
  1740 | D:6      | Noticed a bullfrog
  1743 | D:6      | Killed a bullfrog
  1744 | D:6      | Reached skill level 5 in Fighting
  1744 | D:6      | Reached skill level 6 in Ranged Weapons
  1744 | D:6      | Reached XP level 5. HP: 34/35 MP: 5/5
  1807 | D:6      | Found a glowing drain.
  1869 | Sewer    | Entered a sewer
  1984 | Sewer    | Reached skill level 7 in Ranged Weapons
  1991 | Sewer    | Reached XP level 6. HP: 39/40 MP: 6/6
  2173 | Sewer    | Reached skill level 8 in Ranged Weapons
  2178 | Sewer    | HP: 1/40 [bullfrog (5)]
  2180 | Sewer    | Slain by a bullfrog

Illustrated notes

Levels and vault maps discovered:
D:1:      erik_arrival_triangle_small, layout_basic, serial_shops,
          nicolae_diamond_shop, minmay_domino_2
D:2:      layout_loops_ring
D:3:      layout_loops_ring, nicolae_overflow_hallway_of_the_gods,
          chequers_ecumenical_altar_simple_redux, kennysheep_generic_room_5,
          uniq_grinder, uniq_ijyb, uniq_terence
D:6:      layout_rooms, portal_sewer_entry_e
Sewer:    sewer_minmay_w

Skill      XL: |  1  2  3  4  5  6 |
---------------+-------------------+-----
Fighting       | 3 4 5 |  5.0
Ranged Weapons | 6 7 8 |  8.0
Dodging        | |  2.4
Stealth        | |  1.3

Action                     |  1- 3 |  4- 6 || total
---------------------------+-------+-------++-------
   Fire: Shortbow          |    66 |   133 ||   199
    Use: Scroll            |     6 |     2 ||     8
         Potion            |       |     3 ||     3
 Armour: Leather armour    |     4 |    40 ||    44
  Dodge: Dodged            |    18 |   112 ||   130

Table legend: (Time is in decaauts)
 A = Elapsed time spent in this place.
 B = Non-inter-level travel time spent in this place.
 C = Inter-level travel time spent in this place.
 D = Time resting spent in this place.
 E = Time spent auto-exploring this place.
 F = Levels seen in this place.
 G = Mean time per level.
                   A        B        C        D        E       F      G
               +--------+--------+--------+--------+--------+-----+--------+
         Total |   2241 |   2164 |     77 |    283 |   1474 |   5 |  448.2 |
       Dungeon |   1889 |   1812 |     77 |    283 |   1251 |   4 |  472.2 |
         Sewer |    352 |    352 |      0 |      0 |    223 |   1 |  352.0 |
               +--------+--------+--------+--------+--------+-----+--------+

Top non-repeatable levels by time:
     D:2: 788 daAuts
     D:1: 588 daAuts
     D:3: 360 daAuts
   Sewer: 352 daAuts
     D:6: 151 daAuts
